 Dungeon Crawl Stone Soup version 0.29.1-1-gd02db6906a (webtiles) character file.

Game seed: 13383671143727683214

3 fireball365 the Digger (level 1, -2/14 HPs)
             Began as a Demigod Earth Elementalist on Oct 4, 2022.
             Slain by a quokka (4 damage)
             ... on level 1 of the Dungeon.
             The game lasted 00:03:51 (313 turns).

fireball365 the Digger (Demigod Earth Elementalist)  Turns: 313, Time: 00:03:54

Health: -2/14      AC:  2    Str:  9    XL:     1   Next: 33%
Magic:  4/5        EV: 12    Int: 17    God:
Gold:   3          SH:  0    Dex: 14    Spells: 2/3 levels left

rFire   . . .      SeeInvis .   (no weapon)
rCold   . . .      Faith    .   (no shield)
rNeg    . . .      Spirit   .   a - +0 robe
rPois   .          Reflect  .   (no helmet)
rElec   .          Harm     .   (no cloak)
rCorr   .          Rampage  .   (no gloves)
Will    .....                   (no boots)
Stlth   ++........              d - amulet of magic regeneration
HPRegen 0.04/turn               (no ring)
MPRegen 0.49/turn               (no ring)

@: no status effects
A: high MP 1, forlorn, divine attributes
a: no special abilities


You were on level 1 of the Dungeon.
You visited 1 branch of the dungeon, and saw 1 of its levels.

You collected 3 gold pieces.

Inventory:

Hand Weapons
 e - a +0 falchion
 f - a +0 hand axe
 i - a +0 club
Missiles
 c - 4 stones
Armour
 a - a +0 robe (worn)
 g - a +0 scale mail
 j - a +0 leather armour
 k - a +0 robe
Jewellery
 d - an amulet of magic regeneration (around neck)
Scrolls
 h - a scroll of vulnerability {unknown}
Potions
 b - 2 potions of magic


   Skills:
 + Level 1.7 Dodging
 + Level 1.7 Stealth
 + Level 1.9 Spellcasting
 + Level 0.8 Transmutations
 + Level 2.8 Earth Magic


You had 2 spell levels left.
You knew the following spells:

 Your Spells              Type           Power      Damage    Failure   Level
a - Sandblast             Erth           22%        2d7       6%          1

Your spell library contained the following spells:

 Spells                   Type           Power      Damage    Failure   Level
 Passwall                 Tmut/Erth      5%         N/A       14%         2
 Stone Arrow              Conj/Erth      12%        3d7       32%         3
 Tukima's Dance           Hex            1%         N/A       52%         3
 Petrify                  Tmut/Erth      7%         N/A       67%         4
 Passage of Golubria      Tloc           1%         N/A       89%         4
 Yara's Violent Unravell  Hex/Tmut       1%         3d3       99%         5


Dungeon Overview and Level Annotations

Branches:
Dungeon (1/15)

Shops:
D:1 (


Innate Abilities, Weirdness & Mutations

You have an increased reservoir of magic. (+10% MP)
You shall have no god before yourself.
Your divine heritage dramatically boosts your attributes as you level up.


Message History

You kill the kobold!
Found a stone staircase leading down.
Things that are here:
a +0 club; a kobold corpse
i - a +0 club A frilled lizard comes into view.
The frilled lizard hisses angrily.
You see here 3 gold pieces.
The frilled lizard barely misses you.
The frilled lizard attacks as you move away!
The frilled lizard bites you.
You see here 3 gold pieces.
You now have 3 gold pieces.
The frilled lizard barely misses you.
The blast of sand misses the frilled lizard.
The frilled lizard bites you.
The blast of sand misses the frilled lizard.
The frilled lizard bites you. The frilled lizard barely misses you.
The blast of sand hits the frilled lizard!
You kill the frilled lizard!
Found a leather armour.
Found a robe and a leather armour.
You see here a +0 leather armour.
j - a +0 leather armour You see here a +0 robe.
k - a +0 robe A quokka comes into view.
The blast of sand hits the quokka but does no damage.
The quokka bites you. x2
* * * LOW HITPOINT WARNING * * *
You are too injured to fight recklessly!
You are too injured to fight recklessly!
Casting: Sandblast (safe; 6% risk of failure)
Confirm with . or Enter, or press ? or * to list all spells.
Aiming: Sandblast (safe; 6% risk of failure)
Press: ? - help, Shift-Dir - straight line, f/p - quokka
Aim: a quokka (75% to hit)
The blast of sand hits the quokka.
The quokka is lightly wounded.
The quokka bites you.
You die...

# .# ##.#. #####.....
##.[......#
###########.........#
#........#..........#
#............@r.....#
.........##.####.....
.........##..### ##.
................
.....##.#.....##
####.##.#....#. #.
#.##..#..#... #
#.##.##...###....
##.#..........#


You could see a quokka.

Vanquished Creatures
  A hobgoblin (D:1)
  A bat (D:1)
  A frilled lizard (D:1)
  A kobold (D:1)
4 creatures vanquished.

Notes
Turn   | Place    | Note
-------+----------+-------------------------------------------
     0 | D:1      | fireball365 the Demigod Earth Elementalist began the quest
                  | for the Orb.
     0 | D:1      | Reached XP level 1. HP: 14/14 MP: 5/5
   156 | D:1      | Found Cesye's Weapon Shop.
   313 | D:1      | Slain by a quokka

Illustrated notes

Levels and vault maps discovered:
D:1:      dpeg_arrival_ternary, layout_basic, serial_shops, shop,
          nicolae_shop_bloodbath_and_beyond, minivault_25, minmay_misc_feat_chi

Action                   || total
-------------------------++-------
 Cast: Sandblast         ||     9
Armor: Robe              ||     1
Dodge: Dodged            ||     5
